Construct Section Command Post
Construct Platoon Command Post
6-pounder Anti-tank Gun Team
Construct Company Command Post
Selects Heavy Armor Battlegroup
Selects Rigorous Vehicle Training
Selects Crusader AA Medium Tank
Selects UNKNOWN (2162094)
Selects Light Vehicle Withdraw and Refit
Selects Forward Repair Assembly
Unlock Bishop Self-propelled Artillery
Bishop Self-propelled Artillery
Unlock Towed 17-pounder Anti-tank Guns
Bishop Self-propelled Artillery
Unlock M3 Grant Medium Tanks
17-pounder Anti-tank Gun Team